 Dungeon Crawl Stone Soup version 0.29-a0-824-gd827844252 (webtiles) character file.

Game seed: 4409449801768171307

1302 lesaewzxc the Slasher (level 8, -3/69 HPs)
             Began as a Minotaur Monk on July 10, 2022.
             Was an Elder of Dithmenos.
             Slain by a vampire mosquito (8 damage)
             ... on level 6 of the Dungeon.
             The game lasted 00:26:03 (3907 turns).

lesaewzxc the Slasher (Minotaur Monk)               Turns: 3907, Time: 00:26:03

Health: -3/69      AC:  6    Str: 24    XL:     8   Next: 31%
Magic:  7/7        EV: 13    Int:  7    God:    Dithmenos [****..]
Gold:   127        SH:  0    Dex: 13    Spells: 7/7 levels left

rFire   . . .      SeeInvis .   j - +2 long sword (vorpal)
rCold   . . .      Faith    +   (no shield)
rNeg    . . .      Spirit   .   e - +3 leather armour
rPois   +          Reflect  .   (helmet restricted)
rElec   .          Harm     .   (no cloak)
rCorr   .          Rampage  .   (no gloves)
Will    .....                   (no boots)
Stlth   +++.......              h - amulet of faith
HPRegen 0.21/turn               b - ring of poison resistance
MPRegen 0.10/turn               c - +6 ring of strength

@: wreathed by umbra
A: horns 2, retaliatory headbutt, poison resistance
a: Renounce Religion, Shadow Step


You were on level 6 of the Dungeon.
You worshipped Dithmenos.
Dithmenos was greatly pleased with you.
You visited 1 branch of the dungeon, and saw 6 of its levels.

You collected 187 gold pieces.
You spent 60 gold pieces at shops.

Inventory:

Hand Weapons
 j - a +2 vorpal long sword (weapon)
Missiles
 a - 3 poisoned darts (quivered)
 k - 5 datura-tipped darts
 r - 2 throwing nets
Armour
 e - a +3 leather armour (worn)
Jewellery
 b - a ring of poison resistance (left hand)
 c - a +6 ring of strength (right hand)
 h - an amulet of faith (around neck)
Scrolls
 f - a scroll of noise


   Skills:
 + Level 5.5 Fighting
 * Level 6.7 Long Blades
 * Level 4.2 Throwing
 * Level 5.1 Armour
 + Level 5.1 Dodging
 + Level 3.6 Stealth


You had 7 spell levels left.
You didn't know any spells.
Your spell library contained the following spells:

 Spells                   Type           Power      Damage    Failure   Level
 Foxfire                  Conj/Fire      0%         2x1d4     45%         1
 Freeze                   Ice            0%         1d3       45%         1
 Conjure Flame            Conj/Fire      0%         6-21      83%         3
 Frozen Ramparts          Ice            0%         1d2       83%         3
 Gell's Gravitas          Tloc           0%         N/A       83%         3
 Inner Flame              Hex/Fire       0%         N/A       83%         3
 Lesser Beckoning         Tloc           0%         N/A       83%         3
 Teleport Other           Tloc           0%         N/A       83%         3
 Cause Fear               Hex            0%         N/A       99%         4
 Flame Wave               Conj/Fire      0%         2d4       99%         4
 Hailstorm                Conj/Ice       0%         3d3       99%         4
 Discord                  Hex            0%         N/A       100%        8


Dungeon Overview and Level Annotations

Branches:
Dungeon (6/15)
 Temple: D:4-7

Altars:
Dithmenos
Fedhas
Nemelex Xobeh
Xom
Yredelemnul

Shops:
D:2 (   D:3 =


Innate Abilities, Weirdness & Mutations

You have a pair of horns on your head.
You reflexively headbutt those who attack you in melee.
Your system is resistant to poisons. (rPois)


Message History

The vampire mosquito draws strength from your injuries!
The vampire mosquito barely misses you. You furiously retaliate!
You headbutt the vampire mosquito.
You aren't carrying any potions.
Okay, then.
You slash the vampire mosquito!
The vampire mosquito is severely damaged.
The vampire mosquito bites you but does no damage.
The vampire mosquito bites you.
* * * LOW HITPOINT WARNING * * *
The vampire mosquito draws strength from your injuries!
You closely miss the vampire mosquito.
The vampire mosquito is heavily damaged.
The vampire mosquito bites you but does no damage.
The vampire mosquito bites you.
* * * LOW HITPOINT WARNING * * *
The vampire mosquito draws strength from your injuries!
You closely miss the vampire mosquito.
Your headbutt misses the vampire mosquito.
The vampire mosquito is heavily damaged.
The vampire mosquito barely misses you. The vampire mosquito bites you.
* * * LOW HITPOINT WARNING * * *
The vampire mosquito draws strength from your injuries!
You hit the vampire mosquito.
The vampire mosquito is heavily damaged.
Your shadow closely misses the vampire mosquito.
The vampire mosquito bites you.
* * * LOW HITPOINT WARNING * * *
The vampire mosquito draws strength from your injuries!
The vampire mosquito closely misses you.
You barely miss the vampire mosquito.
The vampire mosquito is heavily damaged.
The vampire mosquito barely misses you. You furiously retaliate!
You headbutt the vampire mosquito.
The vampire mosquito closely misses you.
You hit the vampire mosquito.
The vampire mosquito is severely damaged.
The vampire mosquito misses you. You furiously retaliate!
You headbutt the vampire mosquito! The vampire mosquito bites you!
You die...

*,,,,,,,* *,,,,,* #.#
*,**,**,* *,,,,,* #.#
*,**,**,* *******
#####.# *,**,**,*
#.....# *,**,**,***
#>##### *,,,,,,,,,*
#.# *,,,,,,>#.#***
#.#
*,**,*,,.....######.#
*,**,,,,*,*#..y@)...#
*,**,*,**,*##########
*,,,,,,,,,*
***********


You could see a vampire mosquito.

Vanquished Creatures
  A vampire mosquito (D:6)
  Menkaure (D:6)
  Duvessa (D:6)
  A swamp drake (D:6)
  2 black bears (D:6)
  A phantom (D:6)
  A bullfrog (D:6)
  A necrophage (D:6)
  A scorpion (D:5)
  Dowan (D:6)
  A howler monkey (D:6)
  3 hounds
  A jelly (D:6)
  An iguana (D:5)
  11 gnolls
  4 adders
  2 dart slugs
  5 orcs
  7 ball pythons
  4 bats
  An endoplasm (D:1)
  2 giant cockroaches
  6 goblins
  7 hobgoblins
  3 kobolds
  2 quokkas
  A frilled lizard (D:2)
  9 rats
81 creatures vanquished.

Notes
Turn   | Place    | Note
-------+----------+-------------------------------------------
     0 | D:1      | lesaewzxc the Minotaur Monk began the quest for the Orb.
     0 | D:1      | Reached XP level 1. HP: 19/19 MP: 0/0
     1 | D:1      | Found a faded altar of an unknown god.
    14 | D:1      | Prayed at the altar of an unknown god.
    14 | D:1      | Became a worshipper of Dithmenos the Shadowed
    14 | D:1      | Reached * piety under Dithmenos
    14 | D:1      | Reached ** piety under Dithmenos
   414 | D:1      | Reached XP level 2. HP: 21/27 MP: 1/1
   559 | D:1      | Reached *** piety under Dithmenos
  1166 | D:2      | Reached skill level 4 in Long Blades
  1319 | D:2      | Reached XP level 3. HP: 9/33 MP: 2/2
  1657 | D:2      | Found Xaurergh's Weapon Shoppe.
  1676 | D:2      | Bought a +0 long sword for 38 gold pieces
  1676 | D:2      | Bought 5 datura-tipped darts for 22 gold pieces
  1984 | D:3      | Found Xicajatoo's One-of-a-Kind Rings.
  2126 | D:3      | Found a basalt altar of Yredelemnul.
  2133 | D:3      | Found a blossoming altar of Fedhas.
  2140 | D:3      | Found a sparkling altar of Nemelex Xobeh.
  2244 | D:4      | Reached skill level 1 in Throwing
  2244 | D:4      | Reached skill level 1 in Armour
  2244 | D:4      | Reached XP level 4. HP: 35/40 MP: 3/3
  2417 | D:4      | Found a shimmering altar of Xom.
  2439 | D:5      | Entered Level 5 of the Dungeon
  2439 | D:5      | Noticed a scorpion
  2448 | D:5      | Killed a scorpion
  2449 | D:5      | Reached XP level 5. HP: 14/47 MP: 4/4
  2451 | D:5      | Reached **** piety under Dithmenos
  2897 | D:5      | Reached skill level 5 in Long Blades
  2897 | D:5      | Reached XP level 6. HP: 45/53 MP: 5/5
  3248 | D:6      | Reached XP level 7. HP: 47/60 MP: 6/6
  3403 | D:6      | Noticed Duvessa
  3404 | D:6      | Noticed Dowan
  3445 | D:6      | Reached skill level 5 in Fighting
  3470 | D:6      | Killed Dowan
  3472 | D:6      | Killed Duvessa
  3549 | D:6      | Noticed Menkaure
  3553 | D:6      | Killed Menkaure
  3554 | D:6      | Reached skill level 6 in Long Blades
  3699 | D:6      | Reached XP level 8. HP: 32/69 MP: 7/7
  3727 | D:6      | Gained mutation: Your spells are a little harder to cast,
                  | but a little more powerful. [potion of mutation]
  3727 | D:6      | Gained mutation: Your system is resistant to poisons.
                  | (rPois) [potion of mutation]
  3727 | D:6      | Lost mutation: Your spells are a little harder to cast, but
                  | a little more powerful. [potion of mutation]
  3869 | D:6      | Reached skill level 5 in Dodging
  3898 | D:6      | Reached skill level 5 in Armour
  3907 | D:6      | Slain by a vampire mosquito

Illustrated notes

Levels and vault maps discovered:
D:1:      ncdulo_wetmaze, layout_loops_corners, basic_ecumenical_altar,
          minmay_quantized
D:2:      layout_rooms, serial_shops, nicolae_shop_advertising_works
          [nicolae_subvault_shop_adworks], grunt_decor_one_mirror,
          minmay_rat_gold_closets
D:3:      layout_rooms, minitemple, serial_shops,
          nicolae_shop_overgrown_old_shop, hangedman_decor_diamond_cutter,
          nicolae_shop_unique_rings, corexii_corridor_pit,
          chequers_serial_rivers_micro_d
D:4:      layout_basic, mainiacjoe_overflow_24_doors
D:5:      layout_basic, minmay_mini_ossuary
D:6:      layout_loops_cross, uniq_blork_the_orc, uniq_duvessa, uniq_menkaure

Skill      XL: |  1  2  3  4  5  6  7  8 |
---------------+-------------------------+-----
Stealth        | 2 3 |  3.6
Fighting       | 4 5 |  5.5
Long Blades    | 4 5 6 |  6.7
Throwing       | 1 2 3 4 |  4.2
Armour         | 1 2 3 4 5 |  5.1
Dodging        | 4 5 |  5.1

Action                   |  1- 3 |  4- 6 |  7- 9 || total
-------------------------+-------+-------+-------++-------
Melee: Falchion          |    63 |       |       ||    63
       Headbutt          |    12 |    20 |    11 ||    43
       Long sword        |    25 |    81 |    63 ||   169
       Punch             |     1 |     1 |       ||     2
       Unarmed           |       |       |    20 ||    20
Throw: Dart              |       |     1 |     7 ||     8
Invok: Shadow Step       |       |       |     1 ||     1
Evoke: Wand              |       |       |     6 ||     6
  Use: Potion            |     4 |     3 |     8 ||    15
       Scroll            |     3 |     8 |     6 ||    17
 Stab: Sleeping          |    10 |     1 |       ||    11
       Distracted        |       |     1 |     1 ||     2
Armor: Robe              |     8 |       |       ||     8
       Leather armour    |    10 |    22 |    21 ||    53
       Skin              |       |       |     3 ||     3
Dodge: Dodged            |    84 |    75 |    58 ||   217

Table legend: (Time is in decaauts)
 A = Elapsed time spent in this place.
 B = Non-inter-level travel time spent in this place.
 C = Inter-level travel time spent in this place.
 D = Time resting spent in this place.
 E = Time spent auto-exploring this place.
 F = Levels seen in this place.
 G = Mean time per level.
                   A        B        C        D        E       F      G
               +--------+--------+--------+--------+--------+-----+--------+
         Total |   3884 |   3852 |     32 |      0 |   1342 |   6 |  647.3 |
       Dungeon |   3884 |   3852 |     32 |      0 |   1342 |   6 |  647.3 |
               +--------+--------+--------+--------+--------+-----+--------+

Top non-repeatable levels by time:
     D:1: 971 daAuts
     D:2: 753 daAuts
     D:6: 742 daAuts
     D:5: 701 daAuts
     D:3: 459 daAuts
     D:4: 256 daAuts
